 Dungeon Crawl Stone Soup version 0.24.1-8-ga250c9d538 (webtiles) character file.

Game seed: 4446472774671500089, levelgen mode: deterministic

7831 Masnef the Cleaver (level 11, -15/85 HPs)
             Began as a Formicid Fighter on Apr 30, 2020.
             Was a High Priest of Okawaru.
             Demolished by Snorg (17 damage)
             ... on level 10 of the Dungeon.
             The game lasted 00:27:33 (11261 turns).

Masnef the Cleaver (Formicid Fighter)              Turns: 11261, Time: 00:27:34

Health: -15/85     AC: 12    Str: 20    XL:     11   Next: 44%
Magic:  11/11      EV: 11    Int: 12    God:    Okawaru [*****.]
Gold:   268        SH: 12    Dex: 10    Spells: 10/10 levels left

rFire    . . .     SeeInvis +   E - +1 war axe (elec)
rCold    + . .     Gourm    .   I - +1 shield {reflect}
rNeg     . . .     Faith    +   b - +0 scale mail
rPois    .         Spirit   .   (helmet unavailable)
rElec    .         Reflect  +   i - +1 cloak
rCorr    .         Harm     .   (no gloves)
MR       +....                  H - +0 pair of boots
Stlth    ..........             y - amulet of faith
HPRegen  0.24/turn              w - ring of ice
MPRegen  0.12/turn              C - ring of protection from fire

@: no status effects
A: permanent stasis, dig shafts and tunnels, four strong arms, antennae 3
a: Dig, Shaft Self, Heroism, Finesse, Renounce Religion


You were on level 10 of the Dungeon.
You worshipped Okawaru.
Okawaru was extremely pleased with you.
You were not hungry.

You visited 2 branches of the dungeon, and saw 11 of its levels.
You also visited: Sewer.

You collected 507 gold pieces.
You spent 239 gold pieces at shops.

Inventory:

Hand Weapons
 a - a +0 war axe
 D - a +0 club
 E - a +1 war axe of electrocution (weapon)
Missiles
 t - 3 throwing nets (quivered)
Armour
 b - a +0 scale mail (worn)
 c - a +0 shield
 i - a +1 cloak (worn)
 H - a +0 pair of boots (worn)
 I - a +1 shield of reflection (worn)
Jewellery
 w - a ring of ice (left hand)
 y - an amulet of faith (around neck)
 C - a ring of protection from fire (right hand)
 F - an uncursed ring of ice
Wands
 s - a wand of random effects (12)
Scrolls
 e - 3 scrolls of magic mapping
 g - 3 scrolls of enchant weapon {unknown}
 h - 7 scrolls of amnesia
 j - a scroll of summoning {unknown}
 k - 5 scrolls of remove curse
 l - a scroll of fear
 o - 4 scrolls of teleportation
 A - 2 scrolls of enchant armour
 B - 3 scrolls of identify
 G - a scroll of fog
Potions
 d - 2 potions of might
 m - 8 potions of curing
 p - 4 potions of magic
 q - 2 potions of resistance
 r - 2 potions of haste {unknown}
 u - 2 potions of agility {unknown}
 v - a potion of heal wounds
 x - a potion of mutation {unknown}
 z - 2 potions of brilliance {unknown}
Comestibles
 f - 17 rations
 n - 3 chunks of flesh


   Skills:
 + Level 7.7 Fighting
 + Level 11.3 Axes
 + Level 9.0 Armour
 + Level 3.8 Dodging
 - Level 9.0 Shields


You had 10 spell levels left.
You didn't know any spells.
Your spell library was empty.

Dungeon Overview and Level Annotations

Branches:
Dungeon (10/15)            Temple (1/1) D:6           Sewer (visited)
   Lair: D:8-11         Orc: D:9-12

Altars:
Ashenzari
Cheibriados
Dithmenos
Elyvilon
Fedhas
Gozag
Kikubaaqudgha
Makhleb
Nemelex Xobeh
Okawaru
Qazlal
Ru
Sif Muna
Trog
Uskayaw
Vehumet
Xom
Zin
The Shining One

Shops:
D:4 *   D:5 (=:%

Annotations:
D:10 Snorg


Innate Abilities, Weirdness & Mutations

You cannot be hasted, slowed, berserked, paralysed or teleported.
You can dig through walls and to a lower floor.
Your four strong arms can wield two-handed weapons with a shield.
You have a pair of large antennae on your head. (SInv)


Message History

Snorg is lightly wounded.
You block Snorg's attack. Snorg claws you. You block Snorg's attack.
Snorg bites you!! Snorg completely misses you. Snorg claws you!
* * * LOW HITPOINT WARNING * * *
As you read the scroll of fear, it crumbles to dust.
You assume a fearsome visage.
Snorg bites you.
* * * LOW HITPOINT WARNING * * *
Snorg claws you but does no damage. You block Snorg's attack. x2
Snorg closely misses you. x2
Snorg completely misses you. Snorg claws you but does no damage. x2
You feel better. You block Snorg's attack. Snorg claws you!
* * * LOW HITPOINT WARNING * * *
Snorg claws you!
* * * LOW HITPOINT WARNING * * *
You feel better. Snorg bites you.
* * * LOW HITPOINT WARNING * * *
Snorg claws you.
* * * LOW HITPOINT WARNING * * *
Snorg claws you!
You die...

...........#
.####......#
#####)รท.[..#
...##(##.###
#....(##.##
#...<....)#
...#####..##
############ ..##
#...######..........#
..#
#.#......@T.........#
.#####
#.#######...........#
.....# #.##
#...........# ####.#
#..# #...........# #
#.# ##.#
##..........# ## #.##
#.# #..........# .#
#..###.# #..........#
.####...#.#
############
...####.#.###


You could see Snorg (berserk).

Vanquished Creatures
  Josephine (D:10)
  A hydra (D:7)
  2 dream sheep (D:8)
  A hippogriff (D:9)
  4 wraiths (D:10)
  7 yaks
  Grum (D:9)
  A steam dragon (D:10)
  3 hungry ghosts
  Edmund (D:5)
  Duvessa (D:6)
  An orc warrior (D:10)
  An ice beast (D:10)
  4 sky beasts
  3 ogres
  3 centaurs
  2 phantoms
  3 wolves (D:9)
  4 big kobolds
  4 bullfrogs
  Dowan (D:6)
  2 scorpions
  4 killer bees (D:9)
  A howler monkey (D:3)
  4 crimson imps
  A bullfrog zombie (D:10)
  2 hounds
  A gnoll shaman (D:8)
  3 orc priests
  An iguana (D:9)
  3 jellies
  4 orc wizards
  A bullfrog skeleton (D:5)
  6 worker ants
  A howler monkey zombie (D:10)
  A worker ant zombie (D:5)
  8 gnolls
  9 adders
  4 river rats
  A shadow imp (D:5)
  An ooze (D:3)
  A worm (D:2)
  2 dart slugs (D:1)
  11 leopard geckos
  19 orcs
  10 ball pythons
  5 bats
  6 giant cockroaches
  8 goblins
  5 hobgoblins
  19 jackals
  7 kobolds
  3 quokkas
  12 frilled lizards
  3 goblin skeletons (D:8)
  4 hobgoblin zombies (D:8)
  A kobold zombie (D:8)
  2 orc zombies (D:8)
  24 rats
249 creatures vanquished.

Vanquished Creatures (others)
  A fungus (D:6)
1 creature vanquished.

Grand Total: 250 creatures vanquished

Notes
Turn   | Place    | Note
-------+----------+-------------------------------------------
     0 | D:1      | Masnef the Formicid Fighter began the quest for the Orb.
     0 | D:1      | Reached XP level 1. HP: 18/18 MP: 1/1
   123 | D:1      | Reached XP level 2. HP: 21/24 MP: 2/2
   322 | D:1      | Reached skill level 3 in Axes
   535 | D:1      | Reached XP level 3. HP: 28/29 MP: 3/3
  1386 | D:2      | Found a snail-covered altar of Cheibriados.
  1419 | D:2      | Reached XP level 4. HP: 29/35 MP: 4/4
  1542 | D:3      | Reached skill level 4 in Axes
  1557 | D:3      | Found a bloodstained altar of Trog.
  1913 | D:3      | Noticed a bullfrog
  1921 | D:3      | Killed a bullfrog
  1921 | D:3      | Reached XP level 5. HP: 36/41 MP: 5/5
  2043 | D:3      | Reached XP level 6. HP: 29/48 MP: 6/6
  2260 | D:3      | Reached skill level 5 in Axes
  2365 | D:3      | Found a burning altar of Makhleb.
  2365 | D:3      | Noticed a blizzard demon
  3679 | D:4      | Found Pebbu's Assorted Antiques.
  3679 | D:4      | Noticed an ogre
  3679 | D:4      | Noticed a phantom
  3691 | D:4      | HP: 2/48 [ogre/+0 giant club (21)]
  3739 | D:3      | Killed an ogre
  3739 | D:3      | Reached skill level 1 in Dodging
  3739 | D:3      | Reached XP level 7. HP: 17/53 MP: 7/7
  3993 | D:4      | Bought a scroll labeled MEBIOF JIMID for 20 gold pieces
  4253 | D:4      | Reached skill level 6 in Axes
  4253 | D:4      | Reached skill level 5 in Shields
  4399 | D:5      | Entered Level 5 of the Dungeon
  4399 | D:5      | Found Qosetusia's Food Boutique.
  4418 | D:5      | Found a hide-covered altar of Uskayaw.
  4605 | D:5      | Found Iczoeq's Book Emporium.
  4616 | D:5      | Reached skill level 5 in Armour
  4616 | D:5      | Reached XP level 8. HP: 41/60 MP: 8/8
  4719 | D:5      | Noticed Edmund
  4742 | D:5      | Killed Edmund
  4880 | D:5      | Found Geesoro's Jewellery Boutique.
  4889 | D:5      | Found Zat Mutz's Weapon Shop.
  5019 | D:5      | Found a glowing drain.
  5029 | Sewer    | Entered a sewer
  5073 | Sewer    | Reached skill level 7 in Axes
  5856 | D:6      | Found a staircase to the Ecumenical Temple.
  5864 | Temple   | Entered the Ecumenical Temple
  5915 | Temple   | Became a worshipper of Warmaster Okawaru
  6248 | D:6      | Noticed Duvessa
  6249 | D:6      | Noticed Dowan
  6254 | D:6      | Killed Duvessa
  6259 | D:6      | Killed Dowan
  6259 | D:6      | Reached skill level 5 in Fighting
  6289 | D:6      | Reached XP level 9. HP: 60/68 MP: 9/9
  6584 | D:6      | Reached * piety under Okawaru
  6842 | D:5      | Bought a +1 war axe of electrocution for 219 gold pieces
  7360 | D:7      | Reached skill level 8 in Axes
  7465 | D:7      | Found a shattered altar of Ashenzari.
  7676 | D:8      | Reached ** piety under Okawaru
  7989 | D:8      | Reached skill level 9 in Axes
  7989 | D:8      | Reached XP level 10. HP: 49/76 MP: 10/10
  8068 | D:8      | Found a glowing golden altar of the Shining One.
  8772 | D:8      | Noticed a two-headed hydra
  8810 | D:8      | HP: 1/76 [two-headed hydra (6)]
  8827 | D:7      | Killed a two-headed hydra
  8827 | D:7      | Reached *** piety under Okawaru
  9412 | D:9      | Reached **** piety under Okawaru
  9412 | D:9      | Reached skill level 10 in Axes
  9449 | D:9      | Found a blossoming altar of Fedhas.
  9449 | D:9      | Found a sacrificial altar of Ru.
  9594 | D:9      | Found a shadowy altar of Dithmenos.
  9600 | D:9      | Noticed Grum
  9606 | D:9      | Killed Grum
 10202 | D:10     | Entered Level 10 of the Dungeon
 10646 | D:10     | Reached XP level 11. HP: 73/84 MP: 11/11
 10649 | D:10     | Reached ***** piety under Okawaru
 10711 | D:10     | Noticed Josephine
 10730 | D:10     | Killed Josephine
 10730 | D:10     | Received a gift from Okawaru
 10730 | D:10     | Reached skill level 11 in Axes
 11245 | D:10     | Noticed Snorg
 11260 | D:10     | HP: 4/85 [Snorg (7)]
 11261 | D:10     | Demolished by Snorg

Levels and vault maps discovered:
D:1:      sevenhm_arrival_forest_fort_large_3, layout_loops_corners
D:2:      layout_basic, lemuel_doored_altar, first_ration, eino_tiny_chamber
D:3:      layout_basic, makhleb_altar_promises_db, bloody_trog
D:4:      layout_basic, kennysheep_small_square
D:5:      layout_loops_ring, old_standard_altar, serial_shops, shop, shop,
          nicolae_shop_crystal, shop, portal_sewer_entry_e,
          chequers_serial_rivers_large_a, uniq_edmund
D:6:      layout_rooms, minmay_temple_entry_wispy, serial_aquarium,
          aquarium_bridge_square [aquarium_subvault_balcony,
          aquarium_subvault_wall, aquarium_subvault_bridge,
          aquarium_subvault_window], aquarium_window_1, aquarium_window_corner,
          aquarium_window_fake, aquarium_view_2a, grunt_ministairs_14,
          chequers_serial_rivers_micro_e, uniq_duvessa
D:7:      layout_loops_corners, kennysheep_mini_moat
D:8:      layout_loops_ring, hangedman_ranch [blue_anna_fruit_fields],
          nicolae_tso_besieged_by_evil
D:9:      layout_cave_pods, nicolae_dithmenos_the_darkroom,
          gammafunk_temple_overflow_elements, uniq_grum
D:10:     layout_rooms, minmay_diced_spiral, uniq_snorg, uniq_josephine
Temple:   eino_narrow_crystal_temple

Skill      XL: |  1  2  3  4  5  6  7  8  9 10 11 |
---------------+----------------------------------+-----
Axes           | 3 4 5 6 7 9 10 11 | 11.3
Shields        | 4 5 6 7 8 9 |  9.0
Armour         | 4 5 6 7 8 9 |  9.0
Dodging        | 1 2 3 |  3.8
Fighting       | 4 5 7 |  7.7

Action                   |  1- 3 |  4- 6 |  7- 9 | 10-12 || total
-------------------------+-------+-------+-------+-------++-------
Melee: War axe           |   108 |   185 |   372 |   252 ||   917
       Club              |       |       |       |    13 ||    13
Invok: Heroism           |       |       |       |     3 ||     3
Evoke: Wand              |       |       |       |     1 ||     1
  Use: Scroll            |       |     4 |     9 |     2 ||    15
       Potion            |       |     3 |     1 |     9 ||    13
 Stab: Invisible         |       |       |       |     1 ||     1
  Eat: Chunk             |     2 |     4 |    11 |     8 ||    25
       Ration            |       |     1 |     2 |     2 ||     5
Armor: Scale mail        |    46 |    82 |   105 |    78 ||   311
Dodge: Dodged            |    34 |    75 |   115 |    95 ||   319
Block: Shield            |    55 |   106 |   167 |   149 ||   477
